 Dungeon Crawl Stone Soup version 0.29.1-13-g9f3cf754e1 (webtiles) character file.

Game seed: 14275742856919536807

170 growler the Trooper (level 5, 0/43 HPs)
             Began as a Demonspawn Wanderer on Feb 4, 2023.
             Slain by an orc wizard
             ... wielding a +0 dagger
              (2 damage)
             ... on level 3 of the Dungeon.
             The game lasted 00:04:49 (2717 turns).

growler the Trooper (Demonspawn Wanderer)           Turns: 2717, Time: 00:04:49

Health: 0/43       AC:  4    Str: 12    XL:     5   Next: 25%
Magic:  6/6        EV: 10    Int: 17    God:
Gold:   150        SH:  8    Dex: 11    Spells: 5/6 levels left

rFire   . . .      SeeInvis .   a - +2 falchion
rCold   . . .      Faith    .   b - +0 buckler
rNeg    . . .      Spirit   .   d - +0 robe
rPois   .          Reflect  +   l - +0 helmet
rElec   .          Harm     .   (no cloak)
rCorr   .          Rampage  .   (no gloves)
Will    .....                   m - +0 pair of boots
Stlth   +.........              n - amulet of reflection
HPRegen 0.14/turn               (no ring)
MPRegen 0.10/turn               (no ring)

@: attractive
A: powered by pain 1, weakness stinger 1
a: no special abilities


You were on level 3 of the Dungeon.
You visited 1 branch of the dungeon, and saw 3 of its levels.

You collected 150 gold pieces.

Inventory:

Hand Weapons
 a - a +2 falchion (weapon)
 g - a +3 sling
Armour
 b - a +0 buckler (worn)
 d - a +0 robe (worn)
 l - a +0 helmet (worn)
 m - a +0 pair of boots (worn)
Jewellery
 f - a ring of flight
 n - an amulet of reflection (around neck)
Scrolls
 c - 4 scrolls of teleportation
 j - a scroll of acquirement {unknown}
Potions
 e - a potion of mutation {unknown}
 h - a potion of might {unknown}
 k - a potion of magic {unknown}
 o - a potion of haste {unknown}


   Skills:
 + Level 4.7 Fighting
 - Level 3.6 Long Blades
 + Level 2.3 Ranged Weapons
 - Level 1.0 Shields
 - Level 1.0 Spellcasting
 - Level 1.7 Ice Magic


You had 5 spell levels left.
You knew the following spells:

 Your Spells              Type           Power      Damage    Failure   Level
a - Freeze                Ice            24%        1d5       14%         1

Your spell library contained the following spells:

 Spells                   Type           Power      Damage    Failure   Level
 Necrotise                Necr           0%         1d4       28%         1
 Shock                    Conj/Air       0%         1d3       28%         1
 Ozocubu's Armour         Ice            6%         N/A       38%         3
 Scorch                   Fire           0%         2d5       41%         2
 Static Discharge         Conj/Air       0%         3-3/arc   41%         2
 Anguish                  Hex/Necr       0%         N/A       96%         4
 Dispel Undead            Necr           0%         3d6       96%         4
 Haunt                    Necr/Summ      0%         N/A       100%        7
 Borgnjor's Revivificati  Necr           0%         N/A       100%        8


Dungeon Overview and Level Annotations

Branches:
Dungeon (3/15)

Altars:


Innate Abilities, Weirdness & Mutations

You sometimes gain a little power by taking damage.
You have a small tail.


Message History

The orc priest is severely wounded.
The orc wizard misses you. The orc hits you with a +0 club.
You block the orc's attack. You block the orc priest's attack.
You hit the orc priest but do no damage.
You tail-slap the orc priest.
The orc priest is severely wounded.
The orc priest closely misses you. The orc closely misses you.
The orc wizard mumbles some strange words.
The orc wizard flickers and vanishes!
Deactivating autopickup; reactivate with Ctrl-A.
You block the orc's attack.
The orc priest mumbles some strange prayers to Beogh against you.
Beogh smites you!
You hear some strange, mumbled words.
Something tries to affect you, but you resist.
The orc hits you but does no damage. The orc hits you with a +0 club.
You hit the orc priest.
The orc priest is almost dead.
The orc hits you with a +0 club. Something hits you.
The orc priest hits you with a +0 mace.
* * * LOW HITPOINT WARNING * * *
You block the orc's attack.
Unknown command.
The ball python hisses angrily.
You hit the orc priest.
You kill the orc priest!
The orc hits you but does no damage. The orc hits you with a +0 dagger.
* * * LOW HITPOINT WARNING * * *
Something hits you.
* * * LOW HITPOINT WARNING * * *
You miss something. You block the orc's attack. The orc closely misses you.
Something hits you.
* * * LOW HITPOINT WARNING * * *
Unknown command.
It was a potion of attraction.
You feel attractive to monsters. The orc hits you but does no damage.
The orc hits you with a +0 dagger.
* * * LOW HITPOINT WARNING * * *
Something hits you.
You die...

#..... ####.....###.#####
#..... ###...###.#####
#.(... #######...........#
#.....##...............###
#.?...†.........####.#.###
#..........####)# #.#....
#..........# .... ..####.
#....''''o.###...###.. #.
#....''''@)......# ### #.
#....''_'{o....... #.
####.'''''.....#.#. #.
#.'''''.S...# .#
........#...... .
........##...... ........#
...... ..).... ###.$.


You could see 2 orcs and a ball python.

Vanquished Creatures
  An orc priest (D:3)
  Jessica (D:2)
  Robin (D:2)
  A gnoll (D:1)
  2 adders (D:3)
  A worm (D:2)
  An orc (D:3)
  3 ball pythons
  4 bats
  5 endoplasms
  4 giant cockroaches (D:1)
  13 goblins
  11 hobgoblins
  5 quokkas
  2 frilled lizards
  5 kobolds
  5 rats (D:2)
65 creatures vanquished.

Notes
Turn   | Place    | Note
-------+----------+-------------------------------------------
     0 | D:1      | growler the Demonspawn Wanderer began the quest for the
                  | Orb.
     0 | D:1      | growler set off with the following items: a +2 falchion, a
                  | +0 buckler, a scroll of teleportation, a +0 robe; and the
                  | following spell memorised: Freeze; and the following spells
                  | available to memorise: Ozocubu's Armour.
     0 | D:1      | Reached XP level 1. HP: 16/16 MP: 2/2
   143 | D:1      | Got Kuirghob's Secrets of Deathly Bolts
   165 | D:1      | Gained mutation: You have a small tail. [demonic ancestry]
   165 | D:1      | Reached XP level 2. HP: 4/23 MP: 3/3
   522 | D:1      | Reached skill level 3 in Fighting
   917 | D:1      | Gained mutation: You sometimes gain a little power by
                  | taking damage. [demonic ancestry]
   917 | D:1      | Reached XP level 3. HP: 27/29 MP: 4/4
  1523 | D:2      | Noticed Jessica
  1527 | D:2      | Killed Jessica
  1528 | D:2      | Reached skill level 4 in Fighting
  1528 | D:2      | Reached skill level 1 in Ranged Weapons
  1528 | D:2      | Reached XP level 4. HP: 37/37 MP: 5/5
  1724 | D:2      | Noticed Robin
  1738 | D:2      | Killed Robin
  2637 | D:3      | Got the Lectures on Flames and Misery
  2670 | D:3      | Found a faded altar of an unknown god.
  2686 | D:3      | Reached XP level 5. HP: 41/43 MP: 6/6
  2717 | D:3      | HP: 2/43 [orc/+0 dagger (2)]
  2717 | D:3      | Slain by an orc wizard

Illustrated notes

Levels and vault maps discovered:
D:1:      dpeg_arrival_pits, layout_basic, kennysheep_nondescript,
          dreamdust_wishing_well, chequers_serial_rivers_micro_a
D:2:      layout_loops_cross, uniq_jessica, uniq_robin
D:3:      layout_basic, hellmonk_ecumenical_altar_heavens_door

Skill      XL: |  1  2  3  4 |
---------------+-------------+-----
Fighting       | 3 4 |  4.7
Ranged Weapons | 1 2 |  2.3
Long Blades    | |  3.6
Shields        | |  1.0
Spellcasting   | |  1.0
Ice Magic      | |  1.7

Action                   |  1- 3 |  4- 6 || total
-------------------------+-------+-------++-------
Melee: Falchion          |    59 |    43 ||   102
       Tailslap          |     4 |     5 ||     9
 Fire: Sling             |    26 |    73 ||    99
  Use: Potion            |       |     1 ||     1
 Stab: Sleeping          |     2 |       ||     2
Armor: Robe              |    13 |    19 ||    32
Dodge: Dodged            |    44 |    41 ||    85
Block: Buckler           |     8 |    13 ||    21
